 Dungeon Crawl Stone Soup version 0.29-a0-919-gd064cfad1c (webtiles) character file.

Game seed: 17586501338199313525

150 ragingrage the Trooper (level 5, -2/35 HPs)
             Began as a Gargoyle Artificer on July 26, 2022.
             Slain by an ogre
             ... wielding a +0 giant club
              (31 damage)
             ... on level 5 of the Dungeon.
             The game lasted 00:04:07 (3022 turns).

ragingrage the Trooper (Gargoyle Artificer)         Turns: 3022, Time: 00:04:07

Health: -2/35      AC: 12    Str: 18    XL:     5   Next: 32%
Magic:  5/5        EV:  7    Int: 11    God:
Gold:   110        SH:  0    Dex: 10    Spells: 4/4 levels left

rFire   . . .      SeeInvis +   r - +3 short sword
rCold   . . .      Faith    .   (no shield)
rNeg    + . .      Spirit   .   n - +0 chain mail
rPois   ∞          Reflect  .   (no helmet)
rElec   +          Harm     .   (no cloak)
rCorr   .          Rampage  .   (no gloves)
Will    .....                   (no boots)
Stlth   ..........              (no amulet)
HPRegen 0.11/turn               k - ring of see invisible
MPRegen 0.09/turn               (no ring)

@: no status effects
A: sickness immunity, AC +4, negative energy resistance 1, electricity
resistance, torment resistance 1, petrification resistance
a: no special abilities


You were on level 5 of the Dungeon.
You visited 1 branch of the dungeon, and saw 4 of its levels.

You collected 110 gold pieces.

Inventory:

Hand Weapons
 p - a +0 mace
 r - a +3 short sword (weapon)
Missiles
 s - 4 poisoned darts (quivered)
Armour
 n - a +0 chain mail (worn)
Jewellery
 k - a ring of see invisible (left hand)
 q - a ring of wizardry
Wands
 c - a wand of flame (28)
 d - a wand of charming (9)
 e - a wand of iceblast (9)
Scrolls
 f - 5 scrolls of identify {unknown}
 g - a scroll of summoning {unknown}
 i - 2 scrolls of magic mapping {unknown}
 j - a scroll of amnesia {unknown}
 o - a scroll of noise {unknown}
 u - 3 scrolls of enchant weapon {unknown}
Potions
 a - a potion of degeneration {unknown}
 b - a potion of brilliance {unknown}
 h - 3 potions of curing {unknown}
 l - a potion of lignification {unknown}
 m - 3 potions of might {unknown}
 t - a potion of resistance {unknown}
 v - a potion of heal wounds {unknown}
 w - a potion of berserk rage {unknown}


   Skills:
 + Level 5.5 Fighting
 - Level 2.1 Armour
 - Level 0.7 Dodging
 - Level 1.1 Stealth
 - Level 2.6 Evocations


You had 4 spell levels left.
You didn't know any spells.
Your spell library was empty.

Dungeon Overview and Level Annotations

Branches:
Dungeon (3/15)

Altars:


Innate Abilities, Weirdness & Mutations

You are immune to sickness and miasma.
Your stone body is resilient. (AC +4)
You are immune to poison.
You resist negative energy. (rN+)
You are resistant to electric shocks. (rElec)
You are resistant to unholy torment.
You are immune to petrification.


Message History

The ogre closely misses your adder.
Your adder bites the ogre.
The ogre is poisoned.
Your adder poisons the ogre!
Your adder barely misses the ogre.
The ogre hits your adder with a +0 giant club!!
Your adder dies!
Throw: 9 darts (poison)
Press: ? - help, Q - select action, (/) - cycle Shift-Dir - straight line, f/p - ogre
Aim: an ogre, wielding a +0 giant club (lightly wounded, poisoned, 73% to hit)
You throw a poisoned dart. The poisoned dart hits the ogre.
The ogre is lightly wounded.
Throw: 8 darts (poison)
Press: ? - help, Q - select action, (/) - cycle Shift-Dir - straight line, f/p - ogre
Aim: an ogre, wielding a +0 giant club (moderately wounded, poisoned, 73% to hit)
You throw a poisoned dart.
The poisoned dart barely misses the ogre.
Throw: 7 darts (poison)
Press: ? - help, Q - select action, (/) - cycle Shift-Dir - straight line, f/p - ogre
Aim: an ogre, wielding a +0 giant club (moderately wounded, poisoned, 73% to hit)
You throw a poisoned dart.
The poisoned dart barely misses the ogre.
Throw: 6 darts (poison)
Press: ? - help, Q - select action, (/) - cycle Shift-Dir - straight line, f/p - ogre
Aim: an ogre, wielding a +0 giant club (moderately wounded, poisoned, 73% to hit)
You throw a poisoned dart. The poisoned dart hits the ogre.
The ogre looks even sicker.
The ogre is moderately wounded.
Throw: 5 darts (poison)
Press: ? - help, Q - select action, (/) - cycle Shift-Dir - straight line, f/p - ogre
Aim: an ogre, wielding a +0 giant club (moderately wounded, very poisoned, 73% to hit)
You throw a poisoned dart. The poisoned dart hits the ogre.
The ogre looks even sicker.
The ogre is moderately wounded.
You hit the ogre.
The ogre is heavily wounded.
The ogre hits you with a +0 giant club.
You barely miss the ogre.
The ogre is heavily wounded.
The ogre hits you with a +0 giant club!!
Ouch! That really hurt!
You die...

##############
#.....O.......
#.#######.....
#(# ... #(# .
#(# #(# #O#
#@# #.# #.#
#.# #.# #.#
#.# #.# #.#


You could see an ogre (very poisoned).

Vanquished Creatures
  A howler monkey (D:5)
  An iguana (D:5)
  4 adders (D:2)
  An ufetubus (D:5)
  2 worms (D:2)
  A dart slug (D:2)
  A ball python (D:2)
  3 bats
  5 endoplasms
  3 goblins (D:2)
  4 hobgoblins
  3 kobolds
  A quokka (D:1)
  5 frilled lizards
  3 rats (D:2)
38 creatures vanquished.

Vanquished Creatures (others)
  An adder (D:5)
  2 endoplasms (D:2)
  A rat (D:1)
4 creatures vanquished.

Grand Total: 42 creatures vanquished

Notes
Turn   | Place    | Note
-------+----------+-------------------------------------------
     0 | D:1      | ragingrage the Gargoyle Artificer began the quest for the
                  | Orb.
     0 | D:1      | Reached XP level 1. HP: 12/12 MP: 1/1
   376 | D:1      | Found a faded altar of an unknown god.
   529 | D:1      | Reached skill level 2 in Fighting
   638 | D:1      | Reached XP level 2. HP: 9/17 MP: 2/2
  1649 | D:2      | Reached skill level 3 in Fighting
  1759 | D:2      | Reached XP level 3. HP: 13/23 MP: 3/3
  2328 | D:2      | Reached skill level 4 in Fighting
  2333 | D:2      | Reached XP level 4. HP: 23/29 MP: 4/4
  2701 | D:3      | You fall into a shaft and drop 2 floors!
  2701 | D:5      | Entered Level 5 of the Dungeon
  2723 | D:5      | Reached skill level 5 in Fighting
  2723 | D:5      | Reached XP level 5. HP: 23/35 MP: 5/5
  3000 | D:5      | Noticed an ogre
  3022 | D:5      | Slain by an ogre

Illustrated notes

Levels and vault maps discovered:
D:1:      dpeg_arrival_windows_large_door, layout_basic,
          ebering_ecumenical_altar_webs
D:2:      layout_rooms, st_stairs_4, minmay_tromino_i2
D:3:      layout_basic, mainiacjoe_overflow_alcove_1
D:5:      layout_loops_ring, uniq_ijyb, uniq_pikel

Skill      XL: |  1  2  3  4 |
---------------+-------------+-----
Fighting       | 2 3 4 5 |  5.5
Armour         | |  2.1
Dodging        | |  0.7
Stealth        | |  1.1
Evocations     | |  2.6

Action                   |  1- 3 |  4- 6 || total
-------------------------+-------+-------++-------
Melee: Club              |   134 |       ||   134
       Punch             |     1 |       ||     1
       Short sword       |    36 |    49 ||    85
       Mace              |     2 |       ||     2
Throw: Dart              |       |     5 ||     5
Evoke: Wand              |     5 |     4 ||     9
Armor: Leather armour    |    33 |       ||    33
       Chain mail        |    51 |    42 ||    93
Dodge: Dodged            |    87 |    21 ||   108

Table legend: (Time is in decaauts)
 A = Elapsed time spent in this place.
 B = Non-inter-level travel time spent in this place.
 C = Inter-level travel time spent in this place.
 D = Time resting spent in this place.
 E = Time spent auto-exploring this place.
 F = Levels seen in this place.
 G = Mean time per level.
                   A        B        C        D        E       F      G
               +--------+--------+--------+--------+--------+-----+--------+
         Total |   3072 |   2926 |    146 |   1183 |   1150 |   4 |  768.0 |
       Dungeon |   3072 |   2926 |    146 |   1183 |   1150 |   4 |  768.0 |
               +--------+--------+--------+--------+--------+-----+--------+

Top non-repeatable levels by time:
     D:1: 1535 daAuts
     D:2: 1214 daAuts
     D:5: 322 daAuts
